 Dungeon Crawl Stone Soup version 0.29-a0-334-gb41bcbb86e (webtiles) character file.

Game seed: 17763409335398592052

154 siradein the Bolt Thrower (level 5, -1/49 HPs)
             Began as a Naga Hunter on Apr 15, 2022.
             Slain by a hobgoblin (5 damage)
             ... led by Robin
             ... on level 3 of the Dungeon.
             The game lasted 00:04:54 (2626 turns).

siradein the Bolt Thrower (Naga Hunter)             Turns: 2626, Time: 00:04:55

Health: -1/49      AC:  6    Str: 13    XL:     5   Next: 36%
Magic:  5/5        EV: 10    Int:  9    God:
Gold:   106        SH:  0    Dex: 17    Spells: 4/4 levels left

rFire   + . .      SeeInvis +   a - +1 hand crossbow
rCold   . . .      Faith    .   (no shield)
rNeg    + . .      Spirit   .   b - +0 leather armour
rPois   +          Reflect  .   (no helmet)
rElec   .          Harm     .   (no cloak)
rCorr   .          Rampage  .   p - +2 pair of gloves
Will    .....                   (no barding)
Stlth   ++........              (no amulet)
HPRegen 0.16/turn               m - ring of protection from fire
MPRegen 0.09/turn               f - ring of positive energy

@: very slow
A: AC +1, large, see invisible, deformed body, poison resistance, slowness 2,
spit poison 1, naga tail 1
a: Spit Poison


You were on level 3 of the Dungeon.
You visited 1 branch of the dungeon, and saw 3 of its levels.

You collected 106 gold pieces.

Inventory:

Hand Weapons
 a - a +1 hand crossbow (weapon)
 r - the +5 quarterstaff of Pakigiol {antimagic, rPois rC+}
   (You found it on level 3 of the Dungeon)

   It reduces the magical energy of the wielder, and disrupts the spells and
   magical abilities of those it strikes.
   Natural abilities and divine invocations are not affected.
   rC:        It protects you from cold.
   rPois:     It protects you from poison.
Armour
 b - a +0 leather armour (worn)
 p - a +2 pair of gloves (worn)
Jewellery
 f - a ring of positive energy (right hand)
 m - a ring of protection from fire (left hand)
 o - a +6 ring of strength
 q - a +6 ring of intelligence
Scrolls
 c - a scroll of immolation
 d - a scroll of identify {unknown}
 g - a scroll of amnesia {unknown}
 h - 3 scrolls of teleportation
 i - a scroll of vulnerability {unknown}
Potions
 e - a potion of resistance {unknown}
 j - 2 potions of magic {unknown}
 k - a potion of cancellation {unknown}
 l - a potion of curing {unknown}
 n - a potion of lignification {unknown}
 s - 2 potions of degeneration {unknown}


   Skills:
 + Level 3.5 Fighting
 + Level 4.5 Crossbows
 + Level 2.8 Dodging
 - Level 1.5 Stealth


You had 4 spell levels left.
You didn't know any spells.
Your spell library contained the following spells:

 Spells                   Type           Power      Damage    Failure   Level
 Animate Skeleton         Necr           0%         N/A       45%         1
 Apportation              Tloc           0%         N/A       45%         1
 Sandblast                Erth           0%         2d4       45%         1
 Summon Small Mammal      Summ           0%         N/A       45%         1
 Passwall                 Tmut/Erth      0%         N/A       61%         2
 Stone Arrow              Conj/Erth      0%         3d7       83%         3


Dungeon Overview and Level Annotations

Branches:
Dungeon (3/15)

Altars:

Annotations:
D:3 Robin


Innate Abilities, Weirdness & Mutations

Your serpentine skin is tough. (AC +1)
You have supernaturally acute eyesight. (SInv)
Armour fits poorly on your strangely shaped body.
Your system is resistant to poisons. (rPois)
You cover ground very slowly.
You can spit poison.
You have a snake-like lower body.


Message History

Aim: a goblin, wielding a +0 dagger (59% to hit)
You shoot a bolt. The bolt hits the goblin!
You kill the goblin!
You have got your breath back.
The hobgoblin hits you but does no damage.
Things that are here:
a +0 dagger; a +0 hunting sling The hobgoblin attacks as you move away!
The hobgoblin barely misses you. The hobgoblin attacks as you move away!
The hobgoblin hits you but does no damage.
The hobgoblin no longer looks unusually strong.
Robin roars a battlecry!
The hobgoblins go into a battle-frenzy!
The hobgoblin barely misses you. The hobgoblin barely misses you.
The hobgoblin attacks as you move away! The hobgoblin barely misses you.
The hobgoblin completely misses you.
The hobgoblin hits you but does no damage.
The hobgoblin hits you.
* * * LOW HITPOINT WARNING * * *
The hobgoblin attacks as you move away! The hobgoblin hits you.
* * * LOW HITPOINT WARNING * * *
Okay, then.
Shoot: a) +1 hand crossbow
Press: ? - help, Q - select action, (/) - cycle Shift-Dir - straight line, f - hobgoblin
Aim: a hobgoblin (strong, 65% to hit)
You shoot a bolt. The bolt hits the hobgoblin!
You kill the hobgoblin!
Unknown command.
Shoot: a) +1 hand crossbow
Press: ? - help, Q - select action, (/) - cycle Shift-Dir - straight line, f - hobgoblin
Aim: a hobgoblin (strong, 65% to hit)
You shoot a bolt.
The bolt completely misses the hobgoblin.
The bolt hits Robin.
Robin is severely wounded.
Robin hits you from afar with a +0 trident.
* * * LOW HITPOINT WARNING * * *
The hobgoblin hits you.
You die...

####..###.###.# ##....#
..............########.....
#.#
#####..##...............^..
#.#. ##.######.####...# ...
#.#. #.# #........# ...
#.#. #.# #.####... #.# #.#.
#.# #.# #.####.# #.#. ...
#.#####...##.# #.#. #..
#...@ggg.....#####... #..
#########.....).)....
#.########### #.# # ..# #
##.# g #.# .# #.# #g# # #


You could see Robin and 2 hobgoblins.

Vanquished Creatures
  Natasha (D:3)
  5 adders (D:2)
  A worm (D:2)
  3 dart slugs
  6 endoplasms
  2 giant cockroaches (D:1)
  11 goblins
  14 hobgoblins
  2 jackals (D:1)
  3 quokkas
  7 ball pythons
  3 bats
  A frilled lizard (D:2)
  4 kobolds
  5 rats
68 creatures vanquished.

Vanquished Creatures (others)
  2 fungi (D:3)
2 creatures vanquished.

Grand Total: 70 creatures vanquished

Notes
Turn   | Place    | Note
-------+----------+-------------------------------------------
     0 | D:1      | siradein the Naga Hunter began the quest for the Orb.
     0 | D:1      | Reached XP level 1. HP: 19/19 MP: 1/1
    93 | D:1      | Reached XP level 2. HP: 18/26 MP: 2/2
   580 | D:1      | Reached XP level 3. HP: 33/33 MP: 3/3
   739 | D:1      | Reached skill level 4 in Crossbows
  1481 | D:2      | Reached XP level 4. HP: 39/40 MP: 4/4
  1611 | D:2      | Found a faded altar of an unknown god.
  2361 | D:3      | Identified the +5 quarterstaff of Pakigiol {antimagic,
                  | rPois rC+}
  2457 | D:3      | Reached XP level 5. HP: 49/49 MP: 5/5
  2499 | D:3      | Noticed Robin
  2592 | D:3      | Noticed Natasha
  2611 | D:3      | Killed Natasha
  2626 | D:3      | Slain by a hobgoblin

Illustrated notes

Levels and vault maps discovered:
D:1:      eino_arrival_cavern_a, layout_basic
D:2:      layout_loops_corners, shapermc_ecumenical_altar_acropolis,
          minmay_pentomino_p4
D:3:      layout_loops_ring, serial_shops, nicolae_shop_statue_plus,
          nrook_loot_triangle, uniq_natasha, uniq_robin, uniq_crazy_yiuf_cottage

Skill      XL: |  1  2  3  4 |
---------------+-------------+-----
Dodging        | 2 |  2.8
Crossbows      | 4 |  4.5
Fighting       | 3 |  3.5
Stealth        | |  1.5

Action                   |  1- 3 |  4- 6 || total
-------------------------+-------+-------++-------
 Fire: Hand crossbow     |   105 |   107 ||   212
 Abil: Spit Poison       |     1 |     3 ||     4
  Use: Scroll            |       |     1 ||     1
Armor: Leather armour    |    11 |    29 ||    40
Dodge: Dodged            |    21 |    44 ||    65

Table legend: (Time is in decaauts)
 A = Elapsed time spent in this place.
 B = Non-inter-level travel time spent in this place.
 C = Inter-level travel time spent in this place.
 D = Time resting spent in this place.
 E = Time spent auto-exploring this place.
 F = Levels seen in this place.
 G = Mean time per level.
                   A        B        C        D        E       F      G
               +--------+--------+--------+--------+--------+-----+--------+
         Total |   3488 |   3440 |     48 |      0 |   2885 |   3 | 1162.7 |
       Dungeon |   3488 |   3440 |     48 |      0 |   2885 |   3 | 1162.7 |
               +--------+--------+--------+--------+--------+-----+--------+

Top non-repeatable levels by time:
     D:1: 1543 daAuts
     D:2: 1529 daAuts
     D:3: 415 daAuts
